 Dungeon Crawl Stone Soup version 0.27-a0-1189-gb8eb6cee8e (webtiles) character file.

Game seed: 11272259799544032702

100 punchyfish the Sneak (level 4, -1/51 HPs)
             Began as an Octopode Delver on May 23, 2021.
             Engulfed by a steam dragon's steam (13 damage)
             ... on level 6 of the Dungeon.
             The game lasted 00:03:48 (1533 turns).

punchyfish the Sneak (Octopode Delver)              Turns: 1533, Time: 00:03:48

Health: -1/51      AC: 22    Str:  9 (11) XL:     4   Next: 74%
Magic:  4/4        EV:  2    Int: 11 (12) God:
Gold:   45         SH:  0    Dex: 11 (14) Spells: 3/3 levels left

rFire    . . .     SeeInvis .   (no weapon)
rCold    . . .     Faith    .   (no shield)
rNeg     + + +     Spirit   .   (helmet currently unavailable)
rPois    +         Reflect  .   (no amulet)
rElec    .         Harm     .   (no ring)
rCorr    .         Rampage  .   (no ring)
Will     .....     NoTele   +   (no ring)
Stlth    +++.......             (no ring)
HPRegen  0.17/turn              (no ring)
MPRegen  0.09/turn              (no ring)
                                (no ring)
                                (no ring)

@: tree-form
A: stationary, stasis, torment immunity, boosted hp, almost no armour,
(amphibious), 8 rings, (camouflage 1), (gelatinous body 1), (nimble swimmer 1),
(tentacles)
a: no special abilities


You were on level 6 of the Dungeon.
You were a tree.
You visited 1 branch of the dungeon, and saw 3 of its levels.

You collected 45 gold pieces.

Inventory:

Hand Weapons
 a - a +0 short sword
 b - a +1 trident of freezing
 e - a +0 dagger
 g - a +0 war axe
Wands
 f - a wand of digging (3) {@v3}


   Skills:
 + Level 4.7 Fighting
 - Level 2.0 Short Blades
 * Level 0.0 Polearms
 - Level 3.1 Dodging
 - Level 6.6 Stealth


You had 3 spell levels left.
You didn't know any spells.
Your spell library was empty.

Dungeon Overview and Level Annotations

Branches:
Dungeon (7/15)             Temple (0/1) D:5

Altars:
Wu Jian

Annotations:
D:7 Harold


Innate Abilities, Weirdness & Mutations

You are a tree.
Your roots penetrate the ground, keeping you stationary.
You cannot be teleported.
You are immune to unholy pain and torment.
Your maximum health is greatly increased.
Your equipment is partially melded.
You cannot wear most types of armour.
((You are amphibious.))
You can wear up to eight rings at the same time.
((Your skin changes colour to match your surroundings (Stealth+).))
((Your rubbery body absorbs attacks. (AC +1, EV +1)))
((You are camouflaged near water. (Stealth+)))
((You have tentacles for arms and can constrict up to eight enemies at once.))


Message History

The steam dragon hisses angrily.
Okay, then.
You aren't carrying any scrolls.
Unknown command.
It was a potion of degeneration.
There was something very wrong with that liquid.
You feel weakened.
You feel dopey.
You feel clumsy.
It was a potion of curing.
You feel better.
It was a potion of lignification.
You turn into a tree.
Your roots penetrate the ground.
You are now empty-handed.
Throw: throwing net {!f}
Aim: a steam dragon (57% to hit)
You throw a throwing net {!f}.
The throwing net {!f} hits the steam dragon.
The steam dragon is caught in the net!
You hit the steam dragon. The steam dragon breathes steam at you.
The ball of steam hits you!
The steam dragon struggles against the net.
You hit the steam dragon but do no damage.
You are engulfed in a cloud of scalding steam.
You smack the steam dragon!
You are engulfed in a cloud of scalding steam.
The steam dragon struggles against the net.
You smack the steam dragon!
You are engulfed in a cloud of scalding steam.
The steam dragon struggles against the net.
You hit the steam dragon.
You are engulfed in a cloud of scalding steam.
The steam dragon struggles against the net.
You hit the steam dragon but do no damage.
The steam dragon breathes steam at you. The ball of steam hits you.
* * * LOW HITPOINT WARNING * * *
The steam dragon struggles against the net.
The net rips apart, and the steam dragon comes free!
You barely miss the steam dragon.
You are engulfed in a cloud of scalding steam.
You die...

....... ######.....♣
#....#..§..♣♣
#.###..§≈....
#######.###.o§§....
#...........oo..._.
#####.#####.###........
#..>..D.# #.# #...##...
#.###.#♣# #.# ##..# .#
#.# #.#.# #.. ... # #.#
#.#.# ### .... #.#
#.#.# # #.# #D#.# #.
#.###.#.# ##'#
#.......# #....
#####.#### ..O..#
#.##.## ......#


You could see a steam dragon (catching breath).

Vanquished Creatures
  A lemure (D:6)
  A bullfrog skeleton (D:6)
  A hound (D:6)
  An orc wizard (D:6)
  An adder (D:6)
  5 orcs (D:6)
10 creatures vanquished.

Notes
Turn   | Place    | Note
-------+----------+-------------------------------------------
     0 | D:5      | punchyfish the Octopode Delver began the quest for the Orb.
     0 | D:5      | Reached XP level 1. HP: 16/16 MP: 1/1
    21 | D:5      | Noticed a sky beast
    75 | D:6      | Noticed an orc wizard
   240 | D:6      | Killed an orc wizard
   241 | D:6      | Reached XP level 2. HP: 10/22 MP: 2/2
   241 | D:6      | Reached XP level 3. HP: 13/27 MP: 3/3
   539 | D:6      | Reached XP level 4. HP: 12/34 MP: 4/4
   940 | D:7      | Noticed Harold
  1011 | D:6      | Noticed an ogre
  1011 | D:6      | Noticed a steam dragon
  1059 | D:6      | Noticed a scorpion
  1242 | D:7      | Noticed a lemure
  1242 | D:7      | Noticed a kobold brigand
  1255 | D:6      | Killed a lemure
  1380 | D:6      | Found an ornate altar of the Wu Jian Council.
  1533 | D:6      | Engulfed by a steam dragon's steam

Illustrated notes

Levels and vault maps discovered:
D:5:      layout_cave_pools, minmay_temple_entry_offerings
D:6:      layout_loops_corners, nicolae_wu_jian_wuxing_cycle
D:7:      lemuel_ice_spiral_2, layout_basic, minmay_misc_feat_tiny,
          kennysheep_another_room, uniq_harold, uniq_joseph, uniq_pikel

Skill      XL: |  1  2  3  4 |
---------------+-------------+-----
Fighting       | 4 |  4.7
Dodging        | 3 |  3.1
Short Blades   | |  2.0
Stealth        | |  6.6

Action                   |  1- 3 |  4- 6 || total
-------------------------+-------+-------++-------
Melee: Short sword       |    25 |    18 ||    43
       Constrict         |     7 |     4 ||    11
       Tentacles         |     5 |     6 ||    11
       Unarmed           |       |     7 ||     7
Throw: Throwing net      |     1 |     1 ||     2
  Use: Scroll            |     2 |     1 ||     3
       Potion            |     1 |     3 ||     4
Armor: Skin              |     2 |     1 ||     3
Dodge: Dodged            |    14 |    14 ||    28

Table legend: (Time is in decaauts)
 A = Elapsed time spent in this place.
 B = Non-inter-level travel time spent in this place.
 C = Inter-level travel time spent in this place.
 D = Time resting spent in this place.
 E = Time spent auto-exploring this place.
 F = Levels seen in this place.
 G = Mean time per level.
                   A        B        C        D        E       F      G
               +--------+--------+--------+--------+--------+-----+--------+
         Total |   1519 |   1493 |     26 |    968 |     10 |   3 |  506.3 |
       Dungeon |   1519 |   1493 |     26 |    968 |     10 |   3 |  506.3 |
               +--------+--------+--------+--------+--------+-----+--------+

Top non-repeatable levels by time:
     D:6: 1443 daAuts
     D:7: 45 daAuts
     D:5: 31 daAuts
